 Dungeon Crawl Stone Soup version 0.17-a0-968-gf8e1f1d (webtiles) character file.

1566 ahoge the Basher (level 8, -3/46 HPs)
             Began as a Gargoyle Fighter on May 9, 2015.
             Was an Initiate of Okawaru.
             Slain by an orc warrior
             ... wielding a +0 halberd
              (24 damage)
             ... on level 6 of the Dungeon.
             The game lasted 00:21:15 (6384 turns).

ahoge the Basher (Gargoyle Fighter)                 Turns: 6384, Time: 00:21:15

Health: -3/46      AC: 11    Str: 24    XL:     8   Next: 90%
Magic:  8/8        EV: 10    Int:  8    God:    Okawaru [......]
Gold:   268        SH:  0    Dex: 11    Spells: 0 memorised, 7 levels left

rFire  . . .     SeeInvis .     a - +0 flail (vamp)
rCold  . . .     Clarity  .     l - +1 ring mail
rNeg   + . .     SustAb   .     (no shield)
rPois  ∞         Gourm    +     (no helmet)
rElec  +         Spirit   .     (no cloak)
rCorr  .         Warding  .     (no gloves)
rMut   .         Stasis   .     (no boots)
MR     +....                    h - amulet of the gourmand (curse)
Stlth  +.........               v - ring of protection from magic
                                j - +3 ring of strength

@: somewhat resistant to hostile enchantments, very unstealthy
A: negative energy resistance 1, electricity resistance, unbreathing,
petrification resistance, rot immunity, AC +5
a: Renounce Religion


You were on level 6 of the Dungeon.
You worshipped Okawaru.
Okawaru was noncommittal.
You were not hungry.

You visited 2 branches of the dungeon, and saw 7 of its levels.

You collected 268 gold pieces.

Inventory:

Hand weapons
 a - a +0 vampiric flail (weapon)
 s - a +0 mace of draining
 w - a +1 mace of crushing
Armour
 b - a +0 scale mail
 c - a +0 shield
 k - a +0 large shield
 l - a +1 ring mail (worn)
Jewellery
 g - an uncursed amulet of faith
 h - a cursed amulet of the gourmand (around neck)
 j - a +3 ring of strength (left hand)
 m - an uncursed amulet of the gourmand
 u - an uncursed amulet of rage {unknown}
 v - a ring of protection from magic (right hand)
 y - an uncursed amulet of resist corrosion {unknown}
Magical devices
 q - a wand of random effects (22)
 z - a wand of confusion (12)
 A - a wand of slowing (15)
Scrolls
 f - 5 scrolls of identify
 i - 2 scrolls of teleportation
 n - a scroll of fear
 t - 4 scrolls of recharging
Potions
 d - 3 potions of might
 o - 2 potions of magic
 x - a potion of brilliance {unknown}
Comestibles
 e - 4 bread rations
 p - a slice of pizza
 r - 2 meat rations
 C - 8 chunks of flesh


   Skills:
 - Level 3.2 Fighting
 + Level 9.2 Maces & Flails
 - Level 3.2 Armour
 * Level 7.4 Shields


You had 7 spell levels left.
You didn't know any spells.

Dungeon Overview and Level Annotations

Branches:
Dungeon (6/15)             Temple (1/1) D:6

Altars:
Ashenzari
Cheibriados
Dithmenos
Elyvilon
Fedhas
Kikubaaqudgha
Makhleb
Nemelex Xobeh
Okawaru
Qazlal
Sif Muna
Trog
Vehumet
Xom
Yredelemnul
Zin
The Shining One


Innate Abilities, Weirdness & Mutations

You are resistant to torment.
Your stone body is resilient (AC +5).
You are immune to poison.
You resist negative energy.
You are resistant to electric shocks.
You can survive without breathing.
You are immune to petrification.
You are immune to rotting.


Message History

The puff of flame hits you!
The orc wizard gestures at you while chanting.
The puff of frost hits you!
You barely miss the orc wizard.
The orc wizard hits you but does no damage.
You completely miss the orc wizard.
The orc wizard hits you but does no damage.
You barely miss the orc wizard.
The orc wizard hits you but does no damage.
An orc warrior comes into view. It is wielding a halberd.
The orc warrior shouts!
You sock the orc wizard!
You feel better.
The orc wizard is heavily wounded.
The orc wizard hits you with a dagger.
You hit the orc wizard.
You feel better.
The orc wizard is heavily wounded.
The orc wizard hits you but does no damage.
The orc warrior hits you from afar with a halberd!!
Ouch! That really hurt!
You die...

..#...#...#.###.#
......#.......<.#
#......#.#####
#...)..#>..
###)##.......
#........#####
#.#.####.# #...#
.# #@.## .# #o.#
o..# ....# ##...#
###.# .# ##


You could see an orc warrior and an orc wizard.

Vanquished Creatures
  The ghost of asdu the Cutter, an experienced VSBe of Trog (D:6)
  Purgy (D:3)
  A sky beast (D:4)
  A phantom (D:4)
  An ogre (D:6)
  A centaur (D:6)
  3 scorpions (D:4)
  A water moccasin skeleton (D:5)
  3 killer bees (D:6)
  3 orc wizards
  Crazy Yiuf (D:3)
  A hound (D:6)
  2 orc priests
  A giant frog skeleton (D:5)
  A worker ant (D:5)
  2 iguanas (D:4)
  A hound skeleton (D:4)
  4 gnolls
  10 adders
  An ooze (D:2)
  5 worms (D:2)
  6 giant geckos
  19 orcs
  2 ball pythons
  A bat skeleton (D:5)
  5 giant cockroaches
  11 goblins
  15 hobgoblins
  6 jackals
  15 kobolds
  3 quokkas
  9 bats
  A giant cockroach zombie (D:5)
  4 giant newts
  A jackal skeleton (D:4)
  12 rats
  A fungus (D:3)
156 creatures vanquished.

Notes
Turn   | Place    | Note
--------------------------------------------------------------
     0 | D:1      | ahoge, the Gargoyle Fighter, began the quest for the Orb.
     0 | D:1      | Reached XP level 1. HP: 14/14 MP: 1/1
    39 | D:1      | Reached XP level 2. HP: 10/19 MP: 2/2
   402 | D:1      | Reached XP level 3. HP: 23/23 MP: 3/3
  1029 | D:2      | Reached skill level 4 in Maces & Flails
  1035 | D:2      | Reached XP level 4. HP: 9/28 MP: 4/4
  1885 | D:2      | Noticed a moth of wrath
  1888 | D:2      | Found a bloodstained altar of Trog.
  1907 | D:2      | HP: 1/28 [rat (2)]
  2171 | D:2      | Reached skill level 5 in Maces & Flails
  2171 | D:2      | Reached XP level 5. HP: 32/32 MP: 5/5
  2206 | D:3      | Noticed Purgy
  2244 | D:3      | Killed Purgy
  2394 | D:3      | Found a white marble altar of Elyvilon.
  2419 | D:3      | Reached skill level 6 in Maces & Flails
  2426 | D:3      | Reached XP level 6. HP: 18/37 MP: 6/6
  3299 | D:3      | Noticed Crazy Yiuf
  3307 | D:3      | Killed Crazy Yiuf
  3307 | D:3      | Reached skill level 7 in Maces & Flails
  3433 | D:4      | Reached XP level 7. HP: 25/41 MP: 7/7
  3575 | D:4      | Reached skill level 8 in Maces & Flails
  4362 | D:4      | Found a glowing silver altar of Zin.
  4789 | D:4      | Reached XP level 8. HP: 43/46 MP: 8/8
  4847 | D:5      | Entered Level 5 of the Dungeon
  4871 | D:5      | Reached skill level 5 in Shields
  4979 | D:5      | Found a sparkling altar of Nemelex Xobeh.
  5474 | D:5      | Found a snail-covered altar of Cheibriados.
  5915 | D:6      | Found a staircase to the Ecumenical Temple.
  5939 | Temple   | Entered the Ecumenical Temple
  5954 | Temple   | Became a worshipper of Warmaster Okawaru
  6187 | D:6      | Noticed asdu's ghost (experienced VSBe)
  6205 | D:6      | Killed asdu's ghost
  6205 | D:6      | Reached skill level 9 in Maces & Flails
  6384 | D:6      | Slain by an orc warrior

Action                   |  1- 3 |  4- 6 |  7- 9 || total
-------------------------+-------+-------+-------++-------
Melee: Flail             |   117 |   229 |   118 ||   464
       Mace              |       |       |   179 ||   179
  Use: Scroll            |     3 |     2 |     6 ||    11
       Potion            |     2 |     4 |       ||     6
  Eat: Chunk             |     1 |     8 |    15 ||    24
